General information
- name: BNet
- type: Ladder 1vs1/FFA
- host: Battle.net
- saver: FOREVERAzONE
map: TwistedMeadows
- players: 2
- length: 27:15
- speed: Fast
- version: 1.26 W3XP
- replay type: Public
» download(111 KB)
Players
team 1 (loser)
COrEA (
orange | 82 APM | 2224 actions | 27:11)
5 Far Seer
3 Feral Spirit
2 Chain Lighting
5 Tauren Chieftain
3 Shockwave
2 Endurance Aura
» actions
| Assign group hotkey | 51 | |
| Basic commands | 212 | |
| Build / train | 59 | |
| ESC pressed | 5 | |
| Enter build submenu | 29 | |
| Enter hero's abilities submenu | 11 | |
| Give item / drop item | 7 | |
| Right click | 553 | |
| Select / deselect | 505 | |
| Select group hotkey | 646 | |
| Use ability | 146 | |
2224 total
» units
| Peon | 11 | |
| Grunt | 8 | |
| Raider | 3 | |
| Spirit Walker | 2 | |
24 total
» upgrades
| Berserker Strength | 1 | |
| Ensnare | 1 | |
| Spirit Walker Training | 1 | |
| Pillage | 1 | |
4 total
» buildings
| Altar of Storms | 1 | |
| Orc Burrow | 11 | |
| Barracks | 1 | |
| Stronghold | 1 | |
| Voodoo Lounge | 3 | |
| Beastiary | 2 | |
| Spirit Lodge | 3 | |
| War Mill | 1 | |
| Watch Tower | 2 | |
| Great Hall | 2 | |
27 total
» build order
00:07 Altar of Storms
00:17 Orc Burrow
00:35 Barracks
01:33 Orc Burrow
02:49 Stronghold
03:48 Orc Burrow
03:57 Voodoo Lounge
03:59 Voodoo Lounge
05:13 Beastiary
05:32 Spirit Lodge
05:52 Beastiary
05:55 Spirit Lodge
07:15 Spirit Lodge
07:58 Orc Burrow
10:35 War Mill
13:09 Orc Burrow
13:12 Watch Tower
14:56 Orc Burrow
14:57 Orc Burrow
14:57 Orc Burrow
15:21 Watch Tower
21:19 Great Hall
21:30 Voodoo Lounge
22:27 Great Hall
26:15 Orc Burrow
26:24 Orc Burrow
26:34 Orc Burrow
» items
| Healing Salve | 3 | |
| Lesser Clarity Potion | 4 | |
| Potion of Mana | 2 | |
| Scroll of Speed | 1 | |
| Potion of Lesser Invulnerability | 2 | |
| Boots of Speed | 2 | |
| Scroll of Healing | 1 | |
| Staff of Teleportation | 1 | |
16 total
team 2 (winner)
FOREVERAzONE (
red | 219 APM | 5963 actions | 27:15)
5 Archmage
3 Summon Water Elemental
2 Brilliance Aura
5 Beastmaster
3 Summon Quilbeast
1 Summon Bear
1 Summon Hawk
» actions
| Assign group hotkey | 97 | |
| Basic commands | 238 | |
| Build / train | 81 | |
| ESC pressed | 7 | |
| Enter build submenu | 26 | |
| Enter hero's abilities submenu | 10 | |
| Give item / drop item | 9 | |
| Right click | 1647 | |
| Select / deselect | 743 | |
| Select group hotkey | 2852 | |
| Use ability | 253 | |
5963 total
» units
| Peasant | 23 | |
| Footman | 7 | |
| Sorceress | 6 | |
| Priest | 1 | |
37 total
» upgrades
» buildings
| Altar of Kings | 1 | |
| Barracks | 1 | |
| Farm | 10 | |
| Keep | 2 | |
| Scout Tower | 3 | |
| Arcane Tower | 2 | |
| Arcane Vault | 2 | |
| Lumber Mill | 1 | |
| Arcane Sanctum | 2 | |
| Guard Tower | 5 | |
| Town Hall | 1 | |
30 total
» build order
00:06 Altar of Kings
00:19 Barracks
00:34 Farm
00:49 Farm
01:47 Farm
03:46 Keep
03:46 Keep
03:58 Scout Tower
04:02 Farm
04:18 Arcane Tower
05:07 Arcane Vault
05:08 Lumber Mill
06:02 Farm
06:16 Arcane Sanctum
06:19 Arcane Sanctum
07:53 Farm
09:12 Guard Tower
09:16 Guard Tower
09:22 Guard Tower
10:21 Arcane Vault
11:41 Scout Tower
11:41 Scout Tower
15:08 Guard Tower
18:37 Town Hall
21:01 Farm
21:02 Farm
21:03 Farm
23:33 Farm
» items
| Boots of Speed | 2 | |
| Lesser Clarity Potion | 4 | |
| Potion of Healing | 2 | |
| Ivory Tower | 3 | |
| Scroll of Regeneration | 2 | |
| Potion of Lesser Invulnerability | 2 | |
| Potion of Invisibility | 1 | |
16 total
Chat log
(00:38 / All) FOREVERAzONE: GG HF
(00:42 / All) COrEA: u2 man
(17:56 / All) FOREVERAzONE: WHY HIDE BUILDINGS MAN
(19:26 / All) FOREVERAzONE: THATS IT LOL
(27:11 / All) COrEA: lol